 Adventure DCSS version bcrawl-1.27.3 (webtiles) character file.

Game seed: 16942392474281568951

66315 galech the Shield-Bearer (level 2, 24/24 HPs)
             Began as a Demonspawn Fighter on Sept 28, 2020.
             Quit the game on level 3 of the Dungeon.
             The game lasted 00:02:52 (1817 turns).

galech the Shield-Bearer (Demonspawn Fighter)       Turns: 1817, Time: 00:02:52

Health: 24/24      AC:  6    Str: 17    XL:     2   Next: 65%
Magic:  2/2        EV:  5    Int:  9    God:
Gold:   110        SH:  9    Dex: 12    Spells: 1/1 levels left
                                        Lives:  1   Deaths: 1

rFire    . . .     SeeInvis .   a - +0 war axe
rCold    . . .     Gourm    .   c - +0 medium shield
rNeg     . . .     Faith    .   b - +0 scale mail
rPois    .         Spirit   .   (no helmet)
rElec    .         Reflect  .   (no cloak)
rCorr    .         Harm     .   (no gloves)
MR       .....                  (no boots)
Stlth    ..........             (no amulet)
HPRegen  0.08/turn              (no ring)
MPRegen  0.08/turn              (no ring)

@: no status effects
A: hooves 2
a: no special abilities


You were on level 3 of the Dungeon.
You were not hungry.

You visited 1 branch of the dungeon, and saw 3 of its levels.

You collected 110 gold pieces.

Inventory:

Hand Weapons
 a - a +0 war axe (weapon)
Armour
 b - a +0 scale mail (worn)
 c - a +0 medium shield (worn)
Scrolls
 h - 3 scrolls of teleportation {unknown}
 i - a scroll of enchant armour {unknown}
 j - 2 scrolls of blinking {unknown}
 l - a scroll of remove curse {unknown}
 m - a scroll of identify
Potions
 d - a potion of might
 g - a potion of ambrosia {unknown}
 k - a potion of curing
 p - a potion of degeneration
Comestibles
 e - 5 rations {!d}
 f - 2 chunks of flesh


   Skills:
 + Level 3.2 Fighting
 + Level 2.6 Axes
 + Level 3.0 Armour
 + Level 0.6 Dodging
 + Level 3.2 Shields


You had one spell level left.
You didn't know any spells.
Your spell library was empty.

Dungeon Overview and Level Annotations

Branches:
Dungeon (3/12)

Altars:
Fedhas
The Shining One


Innate Abilities, Weirdness & Mutations

You have hoof-like feet.


Message History

The orc hits you with a +0 club. x2
You feel very mighty all of a sudden. The orc hits you with a +0 club.
You slash the orc!
You kill the orc!
You barely miss the frilled lizard.
The frilled lizard bites you but does no damage. x2
You block the frilled lizard's attack.
Your shield prevents you from hitting the frilled lizard.
Your kick misses the frilled lizard. You slash the frilled lizard!
You kill the frilled lizard!
You block the frilled lizard's attack. The goblin hits you but does no damage.
The orc warrior hits you with a +0 dire flail!!
Ouch! That really hurt!
You die...
The frilled lizard bites you but does no damage.
Xom reaches out...
You are now level 2!
You rejoin the land of the living...
Are you sure you want to abandon this character and quit the game? (Confirm with "yes".)

########.###
#..........#
#..........#
#..........#
#..........#
#.....†....#
#........).#
#..........#
#....@.....#
#..........###########
########+##...........
#.########## #.# # #.#
# #.# # #.# # #.#### #


There were no monsters in sight!

Vanquished Creatures
  2 worms
  A dart slug (D:3)
  3 leopard geckos
  An orc (D:3)
  A ball python (D:1)
  A giant cockroach (D:1)
  5 goblins
  5 hobgoblins
  3 jackals (D:1)
  2 bats (D:1)
  7 frilled lizards
  5 kobolds
  6 rats
42 creatures vanquished.

Notes
Turn   | Place    | Note
-------+----------+-------------------------------------------
     0 | D:1      | galech the Demonspawn Fighter began the quest for the Orb.
     0 | D:1      | Reached XP level 1. HP: 18/18 MP: 1/1
   325 | D:1      | Gained mutation: You have large cloven feet. [demonic
                  | ancestry]
   325 | D:1      | Reached XP level 2. HP: 21/24 MP: 2/2
   900 | D:2      | Gained mutation: You have hoof-like feet. [demonic
                  | ancestry]
   900 | D:2      | Reached XP level 3. HP: 28/29 MP: 3/3
  1418 | D:2      | Found a blossoming altar of Fedhas.
  1509 | D:2      | Found a glowing golden altar of the Shining One.
  1812 | D:3      | Noticed an orc warrior
  1816 | D:3      | Slain by an orc warrior
  1817 | D:3      | Reached XP level 2. HP: -1/24 MP: 2/2
  1817 | D:3      | Quit the game

Skill      XL: |  1  2  3 |
---------------+----------+-----
Axes           | 2 |  2.6
Shields        | 3 |  3.2
Armour         | 3 |  3.0
Fighting       | |  3.2
Dodging        | |  0.6

Action                   || total
-------------------------++-------
Melee: War axe           ||   137
       Kick              ||    27
  Use: Potion            ||     7
  Eat: Chunk             ||     8
Armor: Scale mail        ||    76
Dodge: Dodged            ||    34
Block: Medium shield     ||    69
